 Dungeon Crawl Stone Soup version 0.21.0 (webtiles) character file.

1539 AgrsvlyMoist the Cleaver (level 8, -10/64 HPs)
             Began as a Hill Orc Fighter on July 27, 2018.
             Mangled by an orc warrior
             ... wielding a +0 dire flail
              (14 damage)
             ... on level 5 of the Dungeon on July 30, 2018.
             The game lasted 00:28:13 (7020 turns).

AgrsvlyMoist the Cleaver (Hill Orc Fighter)         Turns: 7020, Time: 00:28:14

Health: -10/64     AC: 18    Str: 17    XL:     8   Next: 86%
Magic:  8/8        EV:  5    Int:  8    God:
Gold:   167        SH: 11    Dex: 12    Spells: 7/7 levels left

rFire    + . .     SeeInvis +   r - +2 mace (protect)
rCold    + . .     Gourm    .   c - +0 shield
rNeg     . . .     Faith    .   t - +0 chain mail
rPois    +         Spirit   .   y - +2 hat {SInv}
rElec    +         Reflect  .   (no cloak)
rCorr    +         Harm     .   (no gloves)
MR       .....                  (no boots)
Stlth    ..........             (no amulet)
HPRegen  0.20/turn              u - ring of see invisible
MPRegen  0.11/turn              (no ring)

@: resistant, protection aura
A: mutation resistance 1, electricity resistance, weak 1
a: no special abilities


You were on level 5 of the Dungeon.
You were not hungry.

You visited 1 branch of the dungeon, and saw 6 of its levels.

You collected 245 gold pieces.
You spent 78 gold pieces at shops.

Inventory:

Hand Weapons
 a - a +0 war axe
 d - a +0 war axe
 n - a +3 mace
 o - a +0 hunting sling
 r - a +2 mace of protection (weapon)
Armour
 b - a +0 scale mail
 c - a +0 shield (worn)
 h - a +2 hat
 k - a +1 leather armour of fire resistance
 t - a +0 chain mail (worn)
 y - a +2 hat of see invisible (worn)
Jewellery
 u - a ring of see invisible (left hand)
Wands
 w - a wand of iceblast (5)
Scrolls
 e - 2 scrolls of fog
 g - 2 scrolls of enchant weapon
 i - a scroll of noise
 j - 5 scrolls of random uselessness
 p - 2 scrolls of remove curse
 s - 2 scrolls of identify
 x - 2 scrolls of magic mapping
Potions
 l - a potion of degeneration
 m - a potion of mutation
 q - a potion of invisibility
 z - a potion of magic
Comestibles
 f - 12 rations


   Skills:
 - Level 3.6 Fighting
 + Level 10.4 Axes
 - Level 3.2 Armour
 + Level 8.8 Shields


You had 7 spell levels left.
You didn't know any spells.

Dungeon Overview and Level Annotations

Branches:
Dungeon (6/15)
 Temple: D:4-7

Altars:

Shops:
D:5 ?

Annotations:
D:5 Prince Ribbit


Innate Abilities, Weirdness & Mutations

You are somewhat resistant to further mutation.
You are resistant to electric shocks. (rElec)
You are weak. (Str -2)


Message History

You closely miss the orc warrior.
The orc warrior is lightly wounded.
You block the orc warrior's attack.
You hit the orc warrior.
The orc warrior is moderately wounded.
You block the orc warrior's attack.
You sock the orc warrior!
The orc warrior is heavily wounded.
The orc warrior hits you with a dire flail.
* * * LOW HITPOINT WARNING * * *
Your chain mail prevents you from hitting the orc warrior.
The orc warrior is heavily wounded.
The orc warrior hits you with a dire flail.
* * * LOW HITPOINT WARNING * * *
Okay, then.
You hit the orc warrior but do no damage.
The orc warrior is heavily wounded.
You block the orc warrior's attack.
The orc warrior hits you with a dire flail!
You die...

.## #......# .#
#......# .#
###.#### .## #..#
..# #.## ..## #.#
∩..########.#######
.......#.........o#
...###..........@.#
..## ##...........#
..## #...........#
...# #...........#
...# #..........>#
...# #...........#
...# #...........#
.#.# #....##...###
##.####.....#...#


You could see an orc warrior.

Vanquished Creatures
  Sigmund (D:2)
  The ghost of Capnfrog the Skirmisher, an amateur DsAK of Lugonu (D:3)
  Menkaure (D:6)
  2 sky beasts (D:5)
  A phantom (D:5)
  A centaur (D:5)
  A scorpion (D:5)
  A howler monkey (D:5)
  A bullfrog zombie (D:5)
  2 jellies (D:5)
  2 orc priests
  A hound (D:5)
  4 orc wizards
  Ijyb (D:5)
  5 worker ants
  4 gnolls
  6 adders
  A howler monkey skeleton (D:5)
  3 shadow imps (D:5)
  6 worms
  2 dart slugs (D:3)
  5 leopard geckos
  22 orcs
  A ball python (D:2)
  11 bats
  5 giant cockroaches
  4 goblins
  4 hobgoblins
  3 jackals
  7 kobolds
  A quokka (D:3)
  9 frilled lizards
  A leopard gecko zombie (D:6)
  10 rats
130 creatures vanquished.

Notes
Turn   | Place    | Note
-------+----------+-------------------------------------------
     0 | D:1      | AgrsvlyMoist the Hill Orc Fighter began the quest for the Orb.
     0 | D:1      | Reached XP level 1. HP: 19/19 MP: 1/1
    31 | D:1      | Reached skill level 3 in Axes
    99 | D:1      | Reached XP level 2. HP: 26/26 MP: 2/2
   155 | D:1      | Reached skill level 4 in Axes
   502 | D:1      | Reached XP level 3. HP: 31/31 MP: 3/3
  1103 | D:2      | Reached XP level 4. HP: 28/39 MP: 4/4
  1297 | D:2      | Reached skill level 5 in Axes
  1554 | D:2      | Gained mutation: You are resistant to electric shocks. (rElec) [potion of mutation]
  1554 | D:2      | Gained mutation: You are somewhat resistant to further mutation. [potion of mutation]
  1554 | D:2      | Gained mutation: You are weak. (Str -2) [potion of mutation]
  1563 | D:3      | Reached XP level 5. HP: 45/45 MP: 5/5
  1590 | D:2      | Reached skill level 6 in Axes
  1627 | D:2      | Reached skill level 5 in Shields
  1924 | D:2      | Noticed Sigmund
  1945 | D:2      | Killed Sigmund
  1945 | D:2      | Reached skill level 7 in Axes
  1945 | D:2      | Reached XP level 6. HP: 29/51 MP: 6/6
  2608 | D:3      | Reached XP level 7. HP: 30/57 MP: 7/7
  2846 | D:3      | Noticed Capnfrog's ghost (amateur DsAK)
  2857 | D:3      | Killed Capnfrog's ghost
  2857 | D:3      | Reached skill level 8 in Axes
  3390 | D:4      | HP: 2/57 [gnoll/flail (8)]
  3703 | D:4      | HP: 2/57 [poisoned by a worker ant]
  3710 | D:4      | HP: 2/57 [poisoned by a worker ant]
  3718 | D:4      | HP: 1/57 [poisoned by a worker ant]
  4961 | D:5      | Entered Level 5 of the Dungeon
  4962 | D:5      | Found Iskitoko's Magic Scroll Shoppe.
  5169 | D:5      | Bought 3 scrolls of identify for 78 gold pieces
  5189 | D:5      | Reached XP level 8. HP: 58/64 MP: 8/8
  5209 | D:5      | Reached skill level 9 in Axes
  5378 | D:5      | Noticed Ijyb
  5430 | D:5      | Killed Ijyb
  5776 | D:5      | Reached skill level 10 in Axes
  6283 | D:6      | Noticed Menkaure
  6287 | D:6      | Noticed Prince Ribbit
  6703 | D:6      | Killed Menkaure
  7020 | D:5      | Mangled by an orc warrior

Skill      XL: |  1  2  3  4  5  6  7  8 |
---------------+-------------------------+-----
Axes           | 3 4 5 7 8 10 | 10.4
Shields        | 4 5 6 7 8 |  8.8
Fighting       | |  3.6
Armour         | |  3.2

Action                   |  1- 3 |  4- 6 |  7- 9 || total
-------------------------+-------+-------+-------++-------
Melee: War axe           |   126 |   165 |   100 ||   391
       Mace              |       |       |   247 ||   247
Evoke: Wand              |       |       |     4 ||     4
  Use: Scroll            |     1 |     2 |    14 ||    17
       Potion            |       |     5 |     6 ||    11
  Eat: Chunk             |     1 |     5 |    11 ||    17
       Ration            |       |       |     1 ||     1
Armor: Scale mail        |    60 |    51 |       ||   111
       Chain mail        |       |    40 |   207 ||   247
       Leather armour    |       |     3 |       ||     3
Dodge: Dodged            |    55 |    34 |    66 ||   155
Block: Shield            |    77 |    87 |   203 ||   367
